 Dungeon Crawl Stone Soup version 0.23-a0-180-ga5275e7 (webtiles) character file.

334 Inarius the Skirmisher (level 6, -11/51 HPs)
             Began as a Mummy Fighter on Sept 18, 2018.
             Mangled by an ogre
             ... wielding a +0 giant spiked club
              (27 damage)
             ... on level 4 of the Dungeon.
             The game lasted 00:04:25 (2677 turns).

Inarius the Skirmisher (Mummy Fighter)              Turns: 2677, Time: 00:04:25

Health: -11/51     AC:  7    Str: 21    XL:     6   Next: 27%
Magic:  6/6        EV:  7    Int:  7    God:
Gold:   266        SH:  9    Dex: 12    Spells: 5/5 levels left

rFire    . . .     SeeInvis .   a - +0 war axe
rCold    . . .     Gourm    .   c - +0 shield
rNeg     + + +     Faith    .   b - +0 scale mail
rPois    ∞         Spirit   .   (no helmet)
rElec    .         Reflect  .   (no cloak)
rCorr    .         Harm     .   (no gloves)
MR       .....                  (no boots)
Stlth    ..........             (no amulet)
HPRegen  0.17/turn              g - ring of fire
MPRegen  0.10/turn              (no ring)

@: no status effects
A: no food or potions, fire vulnerability, cold resistance 1, negative energy
resistance 3, torment resistance, unbreathing
a: no special abilities


You were on level 4 of the Dungeon.
You were not hungry.

You visited 1 branch of the dungeon, and saw 4 of its levels.

You collected 266 gold pieces.

Inventory:

Hand Weapons
 a - a +0 war axe (weapon)
Armour
 b - a +0 scale mail (worn)
 c - a +0 shield (worn)
Jewellery
 g - a ring of fire (left hand)
 j - an uncursed amulet of faith {unknown}
 m - an uncursed ring of magical power {unknown}
Scrolls
 d - a scroll of fear {unknown}
 e - 5 scrolls of identify {unknown}
 f - a scroll of blinking {unknown}
 h - a scroll of immolation {unknown}
 i - 2 scrolls of amnesia {unknown}
 k - 2 scrolls of enchant weapon {unknown}
 l - a scroll of remove curse {unknown}
 n - a scroll of enchant armour {unknown}
 o - 2 scrolls of teleportation {unknown}
 p - a scroll of noise {unknown}


   Skills:
 * Level 5.0 Fighting
 - Level 1.5 Axes
 + Level 3.8 Armour
 + Level 3.8 Shields


You had 5 spell levels left.
You didn't know any spells.
Your spell library contained the following spells:

 Spells                   Type           Power        Failure   Level  Hunger
 Magic Dart               Conj           #...         99%         1    N/A
 Blink                    Tloc           N/A          100%        2    N/A
 Call Imp                 Summ           #.......     100%        2    N/A
 Slow                     Hex            #.......     100%        2    N/A
 Conjure Flame            Conj/Fire      #.......     100%        3    N/A
 Mephitic Cloud           Conj/Pois/Air  #.......     100%        3    N/A

Dungeon Overview and Level Annotations

Branches:
Dungeon (4/15)
 Temple: D:4-7

Altars:
Dithmenos
Elyvilon
Nemelex Xobeh
Okawaru

Shops:
D:4 !


Innate Abilities, Weirdness & Mutations

You do not eat or drink.
Your flesh is vulnerable to fire.
You are immune to poison.
Your flesh is cold resistant. (rC+)
You are immune to negative energy. (rN+++)
You are immune to unholy pain and torment.
You can survive without breathing.


Message History

You slash the ogre!
The ogre is almost dead.
The ogre barely misses you.
You barely miss the ogre.
The ogre is almost dead.
The ogre hits you with a giant spiked club!!
Ouch! That really hurt!
You are too injured to fight recklessly!
You are too injured to fight recklessly!
You are too injured to fight recklessly!
You are too injured to fight recklessly!
You closely miss the ogre.
The ogre is almost dead.
The ogre barely misses you.
The ogre hits you with a giant spiked club!
Your shield and scale mail prevent you from hitting the ogre.
The ogre is almost dead.
The ogre hits you with a giant spiked club!!
Ouch! That really hurt!
You die...

........######.####........#
........# ##...###........#
..#.###.# ##.....##........#
#####.#.# #.........<.######
##..###.......##.##
##...#.......##.#
##..##.........##
#..##.....##...## ##
#........@......#...
#.......O†........#
#....>............#
##................#
#..................#
#.......#.......#...
###.....#...........
#†................
#.##..............


You could see an ogre.

Vanquished Creatures
  2 scorpions (D:4)
  A crimson imp (D:2)
  2 orc wizards (D:3)
  Jessica (D:2)
  Terence (D:2)
  2 adders (D:4)
  A worm (D:4)
  2 dart slugs (D:3)
  2 orcs (D:3)
  6 giant cockroaches (D:1)
  12 goblins
  8 hobgoblins
  5 jackals
  9 kobolds
  2 quokkas
  7 bats
  5 frilled lizards
  9 rats
77 creatures vanquished.

Notes
Turn   | Place    | Note
-------+----------+-------------------------------------------
     0 | D:1      | Inarius the Mummy Fighter began the quest for the Orb.
     0 | D:1      | Reached XP level 1. HP: 18/18 MP: 1/1
   285 | D:1      | Reached XP level 2. HP: 24/24 MP: 2/2
   679 | D:1      | Reached XP level 3. HP: 28/29 MP: 3/3
  1213 | D:2      | Noticed Jessica
  1215 | D:2      | Noticed an ogre
  1244 | D:2      | Noticed Terence
  1249 | D:2      | Killed Terence
  1249 | D:2      | Reached XP level 4. HP: 33/37 MP: 4/4
  1330 | D:2      | Found a white marble altar of Elyvilon.
  1481 | D:2      | Reached skill level 4 in Fighting
  1501 | D:2      | Killed Jessica
  1636 | D:3      | Reached XP level 5. HP: 42/42 MP: 5/5
  2296 | D:4      | Found Honewab's Distillery.
  2315 | D:4      | Found a sparkling altar of Nemelex Xobeh.
  2316 | D:4      | Found an iron altar of Okawaru.
  2346 | D:4      | Found a shadowy altar of Dithmenos.
  2358 | D:4      | Reached XP level 6. HP: 44/50 MP: 6/6
  2468 | D:4      | Reached skill level 5 in Fighting
  2677 | D:4      | Mangled by an ogre

Vault maps used:
D:1:      onia_arrival_larder, minmay_tree_intersection, solitary_fountain,
          minmay_misc_feat_chi
D:2:      elyvilon_altar_4, uniq_terence, uniq_jessica
D:3:      first_ration
D:4:      tgw_xom, gammafunk_temple_overflow_pools,
          nicolae_dithmenos_shadow_blocks, serial_shops, nicolae_shop_stone,
          nicolae_shop_trees, minmay_crystal_room

Skill      XL: |  1  2  3  4  5  6 |
---------------+-------------------+-----
Armour         | 3 |  3.8
Fighting       | 4 5 |  5.0
Shields        | 3 |  3.8
Axes           | |  1.5

Action                   |  1- 3 |  4- 6 || total
-------------------------+-------+-------++-------
Melee: War axe           |   116 |   158 ||   274
Armor: Scale mail        |    48 |    71 ||   119
Dodge: Dodged            |    30 |    47 ||    77
Block: Shield            |    61 |    69 ||   130

Table legend:
 A = Non-vault XP
 B = Vault XP
 C = Vault XP percentage of total XP
 D = Non-vault monster count
 E = Vault monster count
 F = Vault count percentage of total count
                 A         B        C        D         E       F
            +---------+---------+-------+---------+---------+-------
      Total |     397 |      81 |  16.9 |      67 |      10 |  13.0
            +---------+---------+-------+---------+---------+-------
        D:1 |      46 |      12 |  20.7 |      27 |       8 |  22.9
        D:2 |      65 |      69 |  51.5 |      12 |       2 |  14.3
        D:3 |     115 |       0 |   0.0 |      20 |       0 |   0.0
        D:4 |     171 |       0 |   0.0 |       8 |       0 |   0.0
            +---------+---------+-------+---------+---------+-------
